 Dungeon Crawl Stone Soup version 0.25-a0-404-gc1b5a34292 (webtiles) character file.

Game seed: 7530153377801942849, levelgen mode: deterministic

87 ReteAZ the Slasher (level 4, -1/35 HPs)
             Began as a Human Fighter on Jan 11, 2020.
             Slain by a centaur (8 damage)
             ... on level 3 of the Dungeon.
             The game lasted 00:01:47 (2455 turns).

ReteAZ the Slasher (Human Fighter)                  Turns: 2455, Time: 00:01:48

Health: -1/35      AC:  7    Str: 17    XL:     4   Next: 80%
Magic:  4/4        EV:  7    Int:  8    God:
Gold:   98         SH:  9    Dex: 13    Spells: 3/3 levels left

rFire    . . .     SeeInvis .   a - +0 long sword
rCold    . . .     Gourm    .   c - +0 shield
rNeg     . . .     Faith    .   b - +0 scale mail
rPois    .         Spirit   .   (no helmet)
rElec    .         Reflect  .   (no cloak)
rCorr    .         Harm     .   (no gloves)
MR       .....                  j - +0 pair of boots
Stlth    ..........             (no amulet)
HPRegen  0.11/turn              (no ring)
MPRegen  0.09/turn              (no ring)

@: no status effects
A: no striking features
a: no special abilities


You were on level 3 of the Dungeon.
You were not hungry.

You visited 1 branch of the dungeon, and saw 3 of its levels.

You collected 98 gold pieces.

Inventory:

Hand Weapons
 a - a +0 long sword (weapon)
Missiles
 k - 2 throwing nets (quivered)
Armour
 b - a +0 scale mail (worn)
 c - a +0 shield (worn)
 j - a +0 pair of boots (worn)
Scrolls
 e - a scroll of enchant armour {unknown}
 g - a scroll of amnesia {unknown}
 h - a scroll of fear {unknown}
 i - 2 scrolls of teleportation {unknown}
 l - 2 scrolls of remove curse {unknown}
 n - a scroll of blinking {unknown}
 o - a scroll of identify {unknown}
 p - a scroll of enchant weapon {unknown}
Potions
 d - a potion of might
 m - a potion of flight {unknown}
 q - a potion of curing {unknown}
 s - a potion of lignification {unknown}
 t - 2 potions of heal wounds {unknown}
Comestibles
 f - 5 rations
 r - 11 chunks of flesh


   Skills:
 - Level 3.0 Fighting
 * Level 4.6 Long Blades
 - Level 3.0 Armour
 - Level 3.0 Shields


You had 3 spell levels left.
You didn't know any spells.
Your spell library was empty.

Dungeon Overview and Level Annotations

Branches:
Dungeon (3/15)

Altars:
Hepliaklqana
Okawaru


Message History

The centaur hits you.
You slash the centaur!
The centaur is severely wounded.
The centaur barely misses you.
You riposte.
Your shield prevents you from hitting the centaur.
The centaur is severely wounded.
The centaur barely misses you.
You riposte.
You hit the centaur.
The centaur is severely wounded.
You hit the centaur.
The centaur is almost dead.
The centaur hits you. x2; The centaur barely misses you.
You closely miss the centaur.
The centaur is almost dead.
The centaur hits you.
You hit the centaur but do no damage.
The centaur is severely wounded.
The centaur hits you.
* * * LOW HITPOINT WARNING * * *
The centaur hits you!
You die...

#.# #.# #.# #.# ###
#.# ....
#######.##..c..
>..s.......?... #c#
#@#### ... ##'(..#
..... #...#.###
#.#.. #...._..#
#.#..
#...#.#.#######.#..
#....+........#.#..
#....########.#.#).
#############.#.#..
.................


You could see a centaur.

Vanquished Creatures
  4 adders
  An ooze (D:1)
  2 worms
  2 leopard geckos (D:2)
  An orc (D:3)
  3 bats
  4 giant cockroaches
  6 goblins
  A hobgoblin (D:2)
  A quokka (D:2)
  A ball python (D:1)
  2 frilled lizards (D:2)
  5 kobolds
  6 rats
39 creatures vanquished.

Notes
Turn   | Place    | Note
-------+----------+-------------------------------------------
     0 | D:1      | ReteAZ the Human Fighter began the quest for the Orb.
     0 | D:1      | Reached XP level 1. HP: 18/18 MP: 1/1
    62 | D:1      | You fall into a shaft and drop 1 floor!
    71 | D:2      | Reached XP level 2. HP: 16/24 MP: 2/2
    78 | D:2      | Reached skill level 3 in Long Blades
   396 | D:2      | Reached XP level 3. HP: 29/29 MP: 3/3
  1120 | D:2      | Reached skill level 4 in Long Blades
  1120 | D:2      | Reached XP level 4. HP: 13/35 MP: 4/4
  1327 | D:2      | Found a hazy altar of Hepliaklqana.
  2425 | D:3      | Found an iron altar of Okawaru.
  2434 | D:3      | Noticed a centaur
  2455 | D:3      | Slain by a centaur

Levels and vault maps discovered:
D:1:      arrival_zaba_pyramid, layout_basic
D:2:      layout_basic, lemuel_doored_altar
D:3:      layout_basic, lemuel_crystal_altar,
          gammafunk_temple_overflow_forgotten, serial_curves, eino_curves_04,
          eino_curves_02

Skill      XL: |  1  2  3 |
---------------+----------+-----
Long Blades    | 3 4 |  4.6
Fighting       | |  3.0
Armour         | |  3.0
Shields        | |  3.0

Action                   |  1- 3 |  4- 6 || total
-------------------------+-------+-------++-------
Melee: Long sword        |    74 |    74 ||   148
  Eat: Chunk             |     1 |     4 ||     5
Armor: Scale mail        |    41 |    33 ||    74
Dodge: Dodged            |    26 |    19 ||    45
Block: Shield            |    27 |    38 ||    65
       Rpst.: Long sword |     7 |     6 ||    13

Table legend:
 A = Non-vault XP
 B = Vault XP
 C = Vault XP percentage of total XP
 D = Non-vault monster count
 E = Vault monster count
 F = Vault count percentage of total count
                 A         B        C        D         E       F
            +---------+---------+-------+---------+---------+-------
      Total |     125 |       0 |   0.0 |      39 |       0 |   0.0
            +---------+---------+-------+---------+---------+-------
        D:1 |      19 |       0 |   0.0 |       8 |       0 |   0.0
        D:2 |      65 |       0 |   0.0 |      22 |       0 |   0.0
        D:3 |      41 |       0 |   0.0 |       9 |       0 |   0.0
            +---------+---------+-------+---------+---------+-------
